 Dungeon Crawl Stone Soup version 0.13-a0-2474-g552a472 (webtiles) character file.

517 Kae the Basher (level 6, -8/52 HPs)
             Began as a Minotaur Berserker on July 18, 2013.
             Was a Priest of Trog.
             Killed by divine providence
             ... invoked by an orc priest
              (14 damage)
             ... on Level 4 of the Dungeon.
             The game lasted 00:05:41 (3054 turns).

Kae the Basher (Minotaur Berserker)                 Turns: 3054, Time: 00:05:41

HP  -8/52        AC  9     Str 22      XL: 6   Next: 65%
MP   2/2         EV 10     Int  6      God: Trog [***...]
Gold 90          SH  0     Dex  9      Spells:  0 memorised,  5 levels left

Res.Fire  : . . .   See Invis. : .   f - +3,+2 flail (crush)
Res.Cold  : . . .   Warding    : .   v - +0 ring mail
Life Prot.: . . .   Conserve   : .   (no shield)
Res.Poison: +       Res.Corr.  : .   (helmet restricted)
Res.Elec. : .       Clarity    : .   (no cloak)
Sust.Abil.: . .     Spirit.Shd : .   j - +0 pair of gloves
Res.Mut.  : .       Stasis     : +   (no boots)
Res.Rott. : .       Flight     : .   h - amulet of stasis
Saprovore : . . .                    r - +3 ring of protection
                                     n - ring of poison resistance

@: regenerating, quite resistant to hostile enchantments, extremely unstealthy
A: retaliatory headbutt, horns 2
a: Burn Spellbooks, Berserk, Trog's Hand, Renounce Religion


You were on level 4 of the Dungeon.
You worshipped Trog.
Trog was greatly pleased with you.
You were very hungry.

You visited 1 branch of the dungeon, and saw 4 of its levels.

You collected 70 gold pieces.

Inventory:

Hand weapons
 a - a +1,+1 mace
 f - a +3,+2 flail of crushing (weapon)
Armour
 j - a +0 pair of gloves (worn)
 v - a +0 ring mail (worn)
Magical devices
 p - a wand of random effects (13)
Comestibles
 c - 2 bread rations
 d - 2 meat rations
 o - 2 pears
Scrolls
 m - 3 scrolls of identify
 s - 2 scrolls of teleportation
Jewellery
 h - an amulet of stasis (around neck)
 n - a ring of poison resistance (left hand)
 r - a +3 ring of protection (right hand)
Potions
 i - 2 potions of curing {unknown}
 q - a potion of speed {unknown}
 t - 2 potions of poison {unknown}


   Skills:
 - Level 3.6 Fighting
 + Level 9.1 Maces & Flails
 - Level 2.4 Armour
 - Level 2.1 Dodging


You had 5 spell levels left.
You didn't know any spells.

Dungeon Overview and Level Annotations

Branches:
Dungeon (4/27)
 Temple: D:4-7

Altars:

Annotations
D:4 Pikel


Innate Abilities, Weirdness & Mutations

You reflexively headbutt those who attack you in melee.
You have a pair of horns on your head.


Message History

You hear some strange, mumbled words.
The puff of flame misses you.
The orc priest utters an invocation to Beogh.
You feel a wave of unholy energy pass over you.
You hear some strange, mumbled words.
The magic dart hits you!
You see here a flail.
The gnoll unwields an uncursed club.
The gnoll drops an uncursed club.
The gnoll picks up a runed halberd.
The gnoll wields a runed halberd.
The gnoll picks up an uncursed club.
It drops an orcish dagger.
It picks up a flail.
You see here a throwing net.
The gnoll throws an uncursed club.
The uncursed club hits something.
The magic dart hits you!
The orc priest mumbles some strange prayers to Beogh against you.
Something smites you!
* * * LOW HITPOINT WARNING * * *
The orc priest mumbles some strange prayers to Beogh against you.
Something smites you!
You die...

. #.. #. #.. #. #.# #.
#.# #. #.# #. #.# ###.
#.#
#.###o.O####.############
.......og).(..@(........#
..##.....###...########.#
#.....# #...# #.# ###...#
##### ###.## ##.## #....#
.. #....# ... #....# ...
###.### . #....#


You could see an ogre, an orc priest and a gnoll.

Vanquished Creatures
  Edmund (D:4)
  A phantom (D:4)
  The ghost of Rycklaryybbe the Insei, a weakling DsMo (D:3)
  An orc wizard (D:3)
  5 adders
  2 gnolls (D:4)
  A giant mite (D:3)
  A worm (D:3)
  3 giant geckos (D:1)
  An ooze (D:3)
  An orc (D:4)
  6 bats
  A bat skeleton (D:4)
  3 giant cockroaches
  9 hobgoblins
  8 jackals
  2 ball pythons
  A giant gecko skeleton (D:4)
  8 giant newts
  8 goblins
  2 kobolds
  9 rats
  A butterfly (D:2)
76 creatures vanquished.

Vanquished Creatures (others)
  An orc wizard (D:3)
  4 fungi (D:4)
5 creatures vanquished.

Grand Total: 81 creatures vanquished

Notes
Turn   | Place    | Note
--------------------------------------------------------------
     0 | D:1      | Kae, the Minotaur Berserker, began the quest for the Orb.
     0 | D:1      | Reached XP level 1. HP: 19/19 MP: 0/0
    75 | D:1      | Reached skill level 4 in Maces & Flails
   102 | D:1      | Reached XP level 2. HP: 24/26 MP: 0/0
   382 | D:1      | Acquired Trog's second power
   411 | D:1      | Reached skill level 5 in Maces & Flails
   568 | D:1      | Reached XP level 3. HP: 20/33 MP: 1/1
  1471 | D:2      | Reached XP level 4. HP: 39/39 MP: 1/1
  1720 | D:3      | Reached skill level 6 in Maces & Flails
  1781 | D:3      | Noticed Rycklaryybbe's ghost (weakling DsMo)
  1789 | D:3      | Killed Rycklaryybbe's ghost
  1790 | D:3      | Reached XP level 5. HP: 36/46 MP: 1/1
  2034 | D:3      | Reached skill level 7 in Maces & Flails
  2429 | D:4      | Noticed Edmund
  2429 | D:4      | Noticed a phantom
  2482 | D:4      | Noticed a slave
  2482 | D:4      | Noticed a slave
  2483 | D:4      | Noticed Pikel
  2483 | D:4      | Noticed a slave
  2484 | D:4      | Noticed a slave
  2484 | D:4      | Noticed an ogre
  2709 | D:4      | Killed Edmund
  2709 | D:4      | Reached skill level 8 in Maces & Flails
  2709 | D:4      | Reached XP level 6. HP: 24/52 MP: 2/2
  2722 | D:4      | Killed a phantom
  2722 | D:4      | Reached skill level 9 in Maces & Flails
  3054 | D:4      | Killed from afar by an orc priest

Action                   |  1- 3 |  4- 6 || total
-------------------------+-------+-------++-------
Melee: Mace              |   106 |    84 ||   190
       Flail             |       |     4 ||     4
Invok: Trog's Hand       |     1 |     2 ||     3
       Berserk           |       |     1 ||     1
Evoke: Wand              |       |     1 ||     1
  Use: Scroll            |       |    13 ||    13
